 Dungeon Crawl Stone Soup version 0.29.0-13-gc9e81de378 (webtiles) character file.

Game seed: 15480390454125667808

1070 mtoz the Chopper (level 8, -10/70 HPs)
             Began as a Minotaur Berserker on Sept 7, 2022.
             Was a Believer of Trog.
             Killed by divine providence
             ... invoked by an orc priest
              (14 damage)
             ... on level 6 of the Dungeon.
             The game lasted 00:12:54 (5538 turns).

mtoz the Chopper (Minotaur Berserker)               Turns: 5538, Time: 00:12:55

Health: -10/70     AC: 13    Str: 24    XL:     8   Next: 7%
Magic:  7/7        EV:  8    Int:  4    God:    Trog [**....]
Gold:   492        SH:  0    Dex: 10    Spells: 7/7 levels left

rFire   + . .      SeeInvis +   a - +0 hand axe
rCold   + + .      Faith    .   (no shield)
rNeg    . . .      Spirit   .   p - +0 plate armour
rPois   +          Reflect  .   (helmet restricted)
rElec   +          Harm     .   (no cloak)
rCorr   +          Rampage  .   y - +0 pair of gloves
Will    ++...                   (no boots)
Stlth   ..........              x - amulet of regeneration
HPRegen 2.01/turn               e - ring of see invisible
MPRegen 0.10/turn               i - ring of protection from cold

@: resistant, strong-willed, on berserk cooldown, flying, regenerating, slowed,
very slow
A: horns 2, retaliatory headbutt
a: Renounce Religion, Berserk, Trog's Hand


You were on level 6 of the Dungeon.
You worshipped Trog.
Trog was pleased with you.
You visited 1 branch of the dungeon, and saw 6 of its levels.

You collected 492 gold pieces.

Inventory:

Hand Weapons
 a - a +0 hand axe (weapon)
 d - a +0 trident
 j - a +0 spear
 z - a +0 halberd
Missiles
 s - a boomerang (quivered)
 t - 13 stones
Armour
 p - a +0 plate armour (worn)
 y - a +0 pair of gloves (worn)
Jewellery
 e - a ring of see invisible (left hand)
 i - a ring of protection from cold (right hand)
 x - an amulet of regeneration (around neck)
Scrolls
 b - a scroll of enchant weapon {unknown}
 c - a scroll of teleportation
 g - a scroll of noise {unknown}
 h - 2 scrolls of amnesia {unknown}
 l - 2 scrolls of enchant armour {unknown}
 n - a scroll of immolation {unknown}
 o - 2 scrolls of vulnerability {unknown}
 u - 4 scrolls of blinking {unknown}
 w - a scroll of poison {unknown}
Potions
 f - a potion of might
 k - a potion of haste
 r - a potion of flight
 v - a potion of curing {unknown}
 A - 2 potions of attraction {unknown}


   Skills:
 + Level 5.9 Fighting
 * Level 7.5 Axes
 + Level 3.2 Throwing
 + Level 5.2 Armour
 + Level 4.8 Dodging


You had 7 spell levels left.
You didn't know any spells.
Your spell library was empty.

Dungeon Overview and Level Annotations

Branches:
Dungeon (6/15)             Temple (0/1) D:5

Altars:
Fedhas
Gozag
Hepliaklqana
Nemelex Xobeh
Xom


Innate Abilities, Weirdness & Mutations

You have a pair of horns on your head.
You reflexively headbutt those who attack you in melee.


Message History

You hit the orc priest. Your headbutt misses the orc priest.
The orc priest is moderately wounded.
You feel the effects of Trog's Hand fading.
You barely miss the orc priest.
The orc priest is moderately wounded.
The orc priest hits you but does no damage.
You writhe in agony.
* * * LOW HITPOINT WARNING * * *
You barely miss the orc priest. Your punch misses the orc priest.
The orc priest is moderately wounded.
You are no longer berserk.
You are exhausted.
You feel yourself slow down. The orc priest closely misses you.
You feel protected.
The orc priest hits you with a +1 whip of pain.
* * * LOW HITPOINT WARNING * * *
You writhe in agony.
* * * LOW HITPOINT WARNING * * *
Your skin crawls.
You feel strong-willed.
The orc priest hits you with a +1 whip of pain.
* * * LOW HITPOINT WARNING * * *
You writhe in agony.
* * * LOW HITPOINT WARNING * * *
The orc priest invokes the aid of Beogh against you.
Beogh smites you!
* * * LOW HITPOINT WARNING * * *
You hit the orc priest but do no damage.
You headbutt the orc priest.
The orc priest is heavily wounded.
The orc priest hits you with a +1 whip of pain.
* * * LOW HITPOINT WARNING * * *
You writhe in agony.
* * * LOW HITPOINT WARNING * * *
It was a potion of flight.
You feel very buoyant.
You fly up into the air.
The orc priest calls down the wrath of Beogh upon you.
Beogh smites you!
You die...

# # ### # ####
#.. # ..# ###
#.# ### .o.
..# #.# #..
#o#
#.##.###.###.#
#o#
#.##.........#
#@#
#.######.#####
#.###.######.#
#
#......>.....#
#.##.#########
####.# ### ##
#. #. #.


You could see an orc priest, an orc wizard (invisible) and an orc.

Vanquished Creatures
  An orc warrior (D:6)
  2 ice beasts
  2 ogres
  A bullfrog (D:6)
  2 scorpions (D:5)
  A hound (D:4)
  4 jellies
  A gnoll bouda (D:4)
  An orc priest (D:6)
  4 gnolls
  6 adders
  An ufetubus (D:5)
  A worm (D:2)
  5 dart slugs
  4 orcs
  5 bats
  12 endoplasms
  3 giant cockroaches
  9 goblins
  6 hobgoblins
  3 iguanas
  5 quokkas
  7 ball pythons
  2 frilled lizards
  2 kobolds
  4 rats
94 creatures vanquished.

Notes
Turn   | Place    | Note
-------+----------+-------------------------------------------
     0 | D:1      | mtoz the Minotaur Berserker began the quest for the Orb.
     0 | D:1      | Reached XP level 1. HP: 19/19 MP: 0/0
   166 | D:1      | Reached XP level 2. HP: 21/27 MP: 1/1
   385 | D:1      | Reached skill level 4 in Axes
   445 | D:1      | Reached ** piety under Trog
   506 | D:1      | Reached XP level 3. HP: 16/33 MP: 2/2
  1339 | D:2      | Found a faded altar of an unknown god.
  1675 | D:2      | Reached XP level 4. HP: 33/40 MP: 3/3
  2940 | D:4      | Reached skill level 1 in Throwing
  2962 | D:4      | Found the +7 Singing Sword {vorpal, sonic wave}
  3036 | D:4      | Reached XP level 5. HP: 31/47 MP: 4/4
  3043 | D:4      | Reached skill level 5 in Axes
  3046 | D:4      | Reached *** piety under Trog
  3386 | D:4      | Reached XP level 6. HP: 52/53 MP: 5/5
  3392 | D:4      | Found a shimmering altar of Xom.
  3543 | D:4      | Found a sparkling altar of Nemelex Xobeh.
  3643 | D:4      | Found an opulent altar of Gozag.
  3719 | D:5      | Entered Level 5 of the Dungeon
  3906 | D:5      | Reached skill level 5 in Fighting
  3906 | D:5      | Reached skill level 6 in Axes
  3972 | D:5      | Noticed an ice beast
  3978 | D:5      | Killed an ice beast
  3979 | D:5      | Reached XP level 7. HP: 61/61 MP: 6/6
  4096 | D:5      | Found a hazy altar of Hepliaklqana.
  4196 | D:5      | Found a blossoming altar of Fedhas.
  4487 | D:5      | Found a staircase to the Ecumenical Temple.
  5462 | D:6      | Reached skill level 7 in Axes
  5471 | D:6      | Reached skill level 5 in Armour
  5531 | D:6      | Reached XP level 8. HP: 37/70 MP: 7/7
  5536 | D:6      | HP: 3/70 [orc priest/divine providence (12)]
  5537 | D:6      | HP: 1/70 [orc priest/+1 whip of pain (3)]
  5538 | D:6      | Killed from afar by an orc priest

Illustrated notes

Levels and vault maps discovered:
D:1:      amcnicky_arrival_gap_in_the_tavern_cellar, layout_rooms
D:2:      layout_basic, hellmonk_ecumenical_altar_run_dry,
          kennysheep_minor_cross, minmay_misc_feat_diagonals, minmay_bisected
D:3:      layout_loops_ring, kennysheep_big_empty_room, roderic_lattice_a,
          minmay_surrounded
D:4:      layout_rooms, dk_xom_monty_hall, amcnicky_altar_gilded,
          grunt_gozag_statues, grunt_ministairs_10
D:5:      layout_layer_cave, nicolae_overflow_hidden_temple,
          fedhas_altar_fruit_tree, minmay_temple_entry_drinking_statues
D:6:      kennysheep_kobold_camp, layout_loops_ring, dancing_weapons_uskayaw

Skill      XL: |  1  2  3  4  5  6  7 |
---------------+----------------------+-----
Axes           | 4 5 6 7 |  7.5
Fighting       | 4 5 |  5.9
Armour         | 3 4 5 |  5.2
Dodging        | 3 4 |  4.8
Throwing       | 1 2 3 |  3.2

Action                   |  1- 3 |  4- 6 |  7- 9 || total
-------------------------+-------+-------+-------++-------
Melee: Hand axe          |    88 |   116 |    71 ||   275
       Headbutt          |    11 |    19 |    21 ||    51
       Punch             |     1 |     1 |     1 ||     3
Throw: Boomerang         |       |     2 |       ||     2
Invok: Trog's Hand       |     1 |     3 |     4 ||     8
       Berserk           |       |     2 |     1 ||     3
  Use: Scroll            |     2 |     1 |     2 ||     5
       Potion            |       |       |     2 ||     2
Armor: Animal skin       |    10 |       |       ||    10
       Plate armour      |     7 |    89 |    28 ||   124
Dodge: Dodged            |    44 |    41 |    15 ||   100
